 Dungeon Crawl Stone Soup version 0.28.0-45-g0d030f2227 (webtiles) character file.

Game seed: 9777322456678751795

303 protoss039 the Chopper (level 6, -2/53 HPs)
             Began as a Minotaur Fighter on Apr 6, 2022.
             Slain by an orc
             ... wielding a +0 trident
              (4 damage)
             ... on level 4 of the Dungeon.
             The game lasted 00:03:13 (3313 turns).

protoss039 the Chopper (Minotaur Fighter)           Turns: 3313, Time: 00:03:13

Health: -2/53      AC:  7    Str: 23    XL:     6   Next: 15%
Magic:  5/5        EV:  6    Int:  5    God:
Gold:   142        SH:  4    Dex:  9    Spells: 5/5 levels left

rFire   . . .      SeeInvis .   p - +2 hand axe (flame)
rCold   . . .      Faith    .   c - +0 buckler
rNeg    . . .      Spirit   .   b - +0 scale mail
rPois   .          Reflect  .   (helmet restricted)
rElec   .          Harm     .   (no cloak)
rCorr   .          Rampage  .   (no gloves)
Will    .....                   (no boots)
Stlth   ..........              (no amulet)
HPRegen 0.17/turn               (no ring)
MPRegen 0.09/turn               (no ring)

@: mighty, constricted
A: horns 2, retaliatory headbutt
a: no special abilities


You were on level 4 of the Dungeon.
You visited 1 branch of the dungeon, and saw 4 of its levels.

You collected 142 gold pieces.

Inventory:

Hand Weapons
 a - a +0 war axe
 p - a +2 hand axe of flaming (weapon)
 q - a +2 whip of venom
Armour
 b - a +0 scale mail (worn)
 c - a +0 buckler (worn)
Jewellery
 s - a ring of poison resistance
Scrolls
 g - 4 scrolls of identify {unknown}
 k - 2 scrolls of teleportation {unknown}
 l - 2 scrolls of summoning {unknown}
 r - a scroll of noise {unknown}
Potions
 d - a potion of might
 e - a potion of resistance {unknown}
 f - a potion of curing {unknown}
 h - a potion of ambrosia {unknown}
 i - a potion of degeneration {unknown}
 j - a potion of lignification {unknown}
 m - a potion of mutation {unknown}
 n - 2 potions of cancellation {unknown}
 o - a potion of magic {unknown}


   Skills:
 + Level 4.7 Fighting
 + Level 5.6 Axes
 + Level 5.2 Armour
 + Level 0.8 Dodging
 + Level 4.2 Shields


You had 5 spell levels left.
You didn't know any spells.
Your spell library contained the following spells:

 Spells                   Type           Power      Damage    Failure   Level
 Static Discharge         Conj/Air       0%         N/A       94%         2
 Lightning Bolt           Conj/Air       0%         1d11      100%        5
 Maxwell's Capacitive Co  Air            0%         ∞         100%        8


Dungeon Overview and Level Annotations

Branches:
Dungeon (4/15)
 Temple: D:4-7

Altars:


Innate Abilities, Weirdness & Mutations

You have a pair of horns on your head.
You reflexively headbutt those who attack you in melee.


Message History

The ogre is moderately wounded.
The orc hits you from afar with a +0 trident.
The ogre hits you with a +0 giant spiked club!!
* * * LOW HITPOINT WARNING * * *
There are monsters nearby!
You are too injured to fight recklessly!
There are monsters nearby!
You are too injured to fight recklessly!
There are monsters nearby!
Unknown command.
Unknown command.
Unknown command.
Okay, then.
The orc closely misses you. The orc misses you.
An orc comes into view. It is wielding a +0 mace.
The orc shouts!
You feel very mighty all of a sudden.
The orc hits you from afar with a +0 trident.
* * * LOW HITPOINT WARNING * * *
The ogre hits you with a +0 giant spiked club.
* * * LOW HITPOINT WARNING * * *
Unknown command.
Unknown command.
Unknown command.
You slash the ogre! You burn the ogre.
The ogre is almost dead.
You block the orc's attack.
Unknown command.
Unknown command.
Unknown command.
You barely miss the ogre.
The ogre is almost dead.
You hit the ball python. You burn the ball python. The ogre barely misses you.
You furiously retaliate!
You headbutt the ogre!
You kill the ogre!
The ball python closely misses you. The ball python grabs you.
The ball python constricts you.
The orc hits you from afar with a +0 trident.
You die...

#....## ##......
#.......
####.......
#.#........ ###
##..#......#
##.###..##.....##
##...##........###
#@SS..##.....#..##
##).o.##......).##
#.o...#........##
##.............##
##...#..........#
#....##..........
##....##.###..#..
##....#..###.####
#........o.. #


You could see 2 orcs and 2 ball pythons.

Vanquished Creatures
  2 ogres (D:4)
  A scorpion (D:4)
  A hound (D:4)
  4 adders
  An adder skeleton (D:4)
  2 worms (D:2)
  3 dart slugs
  7 orcs
  11 endoplasms
  3 giant cockroaches
  7 goblins
  6 hobgoblins
  4 quokkas
  3 ball pythons (D:1)
  5 bats
  2 frilled lizards
  7 kobolds
  4 rats
73 creatures vanquished.

Notes
Turn   | Place    | Note
-------+----------+-------------------------------------------
     0 | D:1      | protoss039 the Minotaur Fighter began the quest for the
                  | Orb.
     0 | D:1      | Reached XP level 1. HP: 19/19 MP: 0/0
   135 | D:1      | Reached XP level 2. HP: 19/27 MP: 1/1
   728 | D:1      | Reached XP level 3. HP: 30/33 MP: 2/2
  1129 | D:2      | Found a faded altar of an unknown god.
  1290 | D:2      | Reached XP level 4. HP: 28/40 MP: 3/3
  2864 | D:4      | Noticed an ogre
  2868 | D:4      | Killed an ogre
  2869 | D:4      | Reached XP level 5. HP: 33/47 MP: 4/4
  2873 | D:4      | Reached skill level 5 in Axes
  3018 | D:4      | Reached skill level 5 in Armour
  3049 | D:4      | Reached XP level 6. HP: 32/53 MP: 5/5
  3311 | D:4      | HP: 2/53 [ogre/+0 giant spiked club (2)]
  3313 | D:4      | Slain by an orc

Illustrated notes

Levels and vault maps discovered:
D:1:      dpeg_arrival_rooms_a, layout_basic, minmay_misc_feat_four_crosses,
          minmay_misc_feat_pillars, hangedman_decor_points
D:2:      layout_loops_ring, hellmonk_ecumenical_altar_crossroads, st_stairs_11
D:3:      layout_loops_ring
D:4:      layout_cave_pools, minmay_temple_entry_enclosed_plants,
          grunt_ministairs_6, chequers_arboretum, chequers_avenue

Skill      XL: |  1  2  3  4  5 |
---------------+----------------+-----
Axes           | 3 4 5 |  5.6
Armour         | 4 5 |  5.2
Shields        | 4 |  4.2
Fighting       | 4 |  4.7
Dodging        | |  0.8

Action                   |  1- 3 |  4- 6 || total
-------------------------+-------+-------++-------
Melee: War axe           |    80 |    52 ||   132
       Headbutt          |    11 |    13 ||    24
       Hand axe          |       |    29 ||    29
  Use: Potion            |       |     1 ||     1
Armor: Scale mail        |    29 |    31 ||    60
Dodge: Dodged            |    38 |    46 ||    84
Block: Buckler           |    13 |    15 ||    28
